 Dungeon Crawl Stone Soup version 0.28.0-47-ge53b351184 (webtiles) character file.

Game seed: 5386584551201413719

25 bobregger the Skirmisher (level 3, -8/39 HPs)
             Began as an Ogre Berserker on May 10, 2022.
             Was a Follower of Trog.
             Killed from afar by a white imp (12 damage)
             ... with a puff of frost
             ... summoned by Natasha
             ... on level 2 of the Dungeon.
             The game lasted 00:00:55 (1356 turns).

bobregger the Skirmisher (Ogre Berserker)           Turns: 1356, Time: 00:00:55

Health: -8/39      AC:  3    Str: 21    XL:     3   Next: 4%
Magic:  3/3        EV: 10    Int:  8    God:    Trog [*.....]
Gold:   45         SH:  0    Dex: 10    Spells: 2/2 levels left

rFire   . . .      SeeInvis .   a - +0 mace
rCold   . . .      Faith    .   (no shield)
rNeg    . . .      Spirit   .   b - +0 animal skin
rPois   .          Reflect  .   (helmet restricted)
rElec   .          Harm     .   (no cloak)
rCorr   .          Rampage  .   (gloves unavailable)
Will    ++...                   (boots unavailable)
Stlth   +.........              (no amulet)
HPRegen 1.13/turn               (no ring)
MPRegen 0.08/turn               (no ring)

@: strong-willed, regenerating, slowed, very slow
A: large, unfitting armour, tough skin 1
a: Renounce Religion, Berserk


You were on level 2 of the Dungeon.
You worshipped Trog.
Trog was aware of your devotion.
You visited 1 branch of the dungeon, and saw 2 of its levels.

You collected 45 gold pieces.

Inventory:

Hand Weapons
 a - a +0 mace (weapon)
Armour
 b - a +0 animal skin (worn)
Jewellery
 d - an amulet of faith
Scrolls
 c - a scroll of identify {unknown}
 f - a scroll of teleportation {unknown}
Potions
 e - a potion of invisibility {unknown}
 g - a potion of lignification {unknown}
 h - a potion of heal wounds {unknown}


   Skills:
 - Level 4.0 Fighting
 + Level 3.7 Maces & Flails
 - Level 2.6 Dodging


You had 2 spell levels left.
You didn't know any spells.
Your spell library was empty.

Dungeon Overview and Level Annotations

Branches:
Dungeon (2/15)

Altars:

Annotations:
D:2 Natasha


Innate Abilities, Weirdness & Mutations

You are too large for most types of armour.
You have tough skin. (AC +1)


Message History

Trog accepts your kill.
You can now call upon Trog for regeneration and willpower.
Things that are here:
a +0 club; 4 stones Natasha, Servant of Life and Death comes into view.
Natasha is nearby!
Natasha is nearby!
Natasha hisses angrily.
Natasha mumbles some strange words.
Natasha shimmers violently.
Natasha stares at you and mumbles some strange words.
The magic dart hits you. Natasha casts a spell at you.
You feel yourself slow down. Natasha claws you.
You closely miss Natasha.
Natasha mumbles some strange words.
Natasha claws you but does no damage.
You closely miss Natasha. Natasha claws you. The white imp misses you.
Natasha claws you but does no damage.
You closely miss Natasha. The white imp hits you. The white imp freezes you.
Natasha barely misses you. The white imp completely misses you.
Natasha extends her claws.
Natasha closely misses you.
You barely miss Natasha.
The white imp hits you but does no damage.
Natasha claws you!
* * * LOW HITPOINT WARNING * * *
The white imp hits you.
* * * LOW HITPOINT WARNING * * *
The white imp freezes you.
* * * LOW HITPOINT WARNING * * *
Natasha casts a spell at you. You resist with some effort.
Your skin crawls.
You feel strong-willed.
You can no longer call upon Trog for regeneration and willpower.
The white imp gestures at you. The puff of frost hits you!
You die...

#.. #. #.# #.#
#..#.#.# #.#
#..#.#.# ####.#
#..#.#.# ..##.###
#..#.#.###.#....#
#........#.#....#
#...h..#.#.#....#
#..@..#.#<#†...#
#...5.#.#......#
.##.......#......#
.........###†.....#
...............#+###
..........####.#
........[)# #.#
..........# ..#
..........# ###


You could see Natasha and a white imp (summoned).

Vanquished Creatures
  3 endoplasms (D:1)
  3 giant cockroaches (D:1)
  A goblin (D:1)
  2 hobgoblins
  2 bats (D:1)
  2 frilled lizards
  5 kobolds
  4 rats (D:1)
22 creatures vanquished.

Notes
Turn   | Place    | Note
-------+----------+-------------------------------------------
     0 | D:1      | bobregger the Ogre Berserker began the quest for the Orb.
     0 | D:1      | Reached XP level 1. HP: 24/24 MP: 1/1
    47 | D:1      | Found a faded altar of an unknown god.
   411 | D:1      | Reached XP level 2. HP: 32/32 MP: 2/2
  1247 | D:2      | Reached XP level 3. HP: 33/39 MP: 3/3
  1297 | D:2      | Reached ** piety under Trog
  1344 | D:2      | Noticed Natasha
  1356 | D:2      | Killed from afar by a white imp

Illustrated notes

Levels and vault maps discovered:
D:1:      lightli_arrival_quake, layout_basic, chequers_ecumenical_altar_simple
D:2:      layout_basic, basic_altar, minmay_misc_feat_x, uniq_jessica,
          uniq_natasha

Skill      XL: |  1 |
---------------+----+-----
Maces & Flails | 3 |  3.7
Fighting       | |  4.0
Dodging        | |  2.6

Action                   || total
-------------------------++-------
Melee: Mace              ||    60
Invok: Trog's Hand       ||     1
Armor: Animal skin       ||    26
Dodge: Dodged            ||    40
